Cogmind - Beta 12 @@@ ROGUE MODE // 2023.04.14 @ 18:29:00 Player: kaj Result: Destroyed by D-53 Grenadier with Mini Grenade Launcher Performance ------------- Evolutions (0) 0 Regions Visited (2) 400 Robots Destroyed (8) 40 Value Destroyed (249) 249 Prototype IDs (0) 0 Alien Tech Used (0) 0 Bonus (0) 0 TOTAL SCORE: 689 Bonus ------- None Cogmind --------- Core Integrity 0/250 Matter 295/300 Energy 100/100 System Corruption 0% Temperature Cool (0) Movement Rolling (200) Ox8 Location -10/Mines Parts ------- > --- POWER (1) -------- (None) > --- PROPULSION (2) --- Wheel > --- UTILITY (2) ------ Huge Storage Unit > --- WEAPON (2) ------- Light Assault Rifle > --- INVENTORY (25) --- Ion Engine Ion Engine Ion Engine Light Nuclear Core Light Treads Light Treads Aluminum Leg Aluminum Leg Heat Sink Huge Storage Unit Structural Scanner Transport Network Coupler Targeting Computer Core Shielding EM Pulse Gun Medium Laser Small Laser Light Assault Rifle Grenade Launcher Datajack Mining Claw Peak State ------------ > --- POWER ------------ Ion Engine > --- PROPULSION ------- Wheel Wheel > --- UTILITY ---------- Huge Storage Unit High-capacity Matter Pod > --- WEAPON ----------- Light Assault Rifle Light Cannon > --- INVENTORY -------- Ion Engine Ion Engine Ion Engine Light Nuclear Core Light Treads Light Treads Aluminum Leg Heat Sink Huge Storage Unit Structural Scanner Transport Network Coupler EM Pulse Gun Medium Laser Small Laser Light Assault Rifle Grenade Launcher Datajack Mining Claw [Rating: 9] Favorites ----------- Power Ion Engine Engine Ion Engine Propulsion Wheel Leg Aluminum Leg Wheel Wheel Utility High-capacity Matter Pod Storage High-capacity Matter Pod Weapon Light Assault Rifle Energy Gun EM Pulse Gun Ballistic Gun Light Assault Rifle Ballistic Cannon Light Cannon Launcher Grenade Launcher Build | -11 -10 -10 ------- Run | Jun Mat Min Slots Evolved . | . . . Power . | . . . Propulsion . | . . . Utility . | . . . Weapon . | . . . Parts Attached 7 | . 5 2 Power . | . . . Engine . | . . . Core . | . . . Reactor . | . . . Propulsion 2 | . 2 . Treads . | . . . Leg . | . . . Wheel 2 | . 2 . Hover . | . . . Flight . | . . . Utility 2 | . 2 . Device . | . . . Storage 2 | . 2 . Processor . | . . . Hackware . | . . . Protection . | . . . Artifact . | . . . Weapon 3 | . 1 2 Energy Gun . | . . . Energy Cannon . | . . . Ballistic Gun . | . . . Ballistic Cannon 2 | . 1 1 Launcher 1 | . . 1 Special Weapon . | . . . Impact Weapon . | . . . Slashing Weapon . | . . . Piercing Weapon . | . . . Special Melee Weapon . | . . . Unidentified Prototypes . | . . . Parts Lost 4 | . . 4 Power 1 | . . 1 Propulsion 1 | . . 1 Utility 1 | . . 1 Weapon 1 | . . 1 Highest Loss Streak 4 | . . 4 To Critical Strikes . | . . . Average Slot Usage (%) 96 | . 97 87 Engine 13 | . 14 12 Leg 1 | . 1 . Wheel 26 | . 26 23 Storage 25 | . 26 23 Ballistic Gun 14 | . 14 14 Ballistic Cannon 12 | . 13 10 Naked Turns . | . . . Heaviest Build 93 | 13 93 93 Greatest Support 20 | 20 20 20 Greatest Overweight (x) 8 | . 4 8 Average Overweight (x) 3 | . 2 4 Largest Inventory Capacity 25 | 8 25 25 Average Capacity 21 | 8 20 25 Most Carried 21 | 6 19 21 Average Carried 12 | 6 11 19 Final Capacity 25 | 8 25 25 Final Carried 21 | 6 19 21 Class Distribution -------------------- 100% | Mutant Dominant Class ---------------- Mutant | -10/Materials Mutant | -10/Mines Resources | -11 -10 -10 ----------- Run | Jun Mat Min Matter Collected 508 | 200 277 31 Remotely . | . . . Salvage Created 277 | . 259 18 Parts 18 | . 18 . Haulers Intercepted . | . . . Recyclers Shooed . | . . . Parts Field Recycled . | . . . Retrieved Matter . | . . . Parts Self-Destructed . | . . . Prevented . | . . . Kills | -11 -10 -10 ------- Run | Jun Mat Min Combat Hostiles Destroyed 9 | . 6 3 Guns 2 | . 2 . Cannons 5 | . 4 1 AOE 2 | . . 2 Classes Destroyed 4 | . 3 1 Operator 1 | . 1 . Watcher 1 | . 1 . Grunt 6 | . 6 . Assembled 3 | . . 3 Best Kill Streak 3 | . 2 3 Combat Bots Only 3 | . 2 3 Max Kills in Single Turn 2 | . 1 2 Gunslinging . | . . . Exploded 2 | . . 2 Melee . | . . . Uniques/NPCs Destroyed . | . . . Combat | -11 -10 -10 -------- Run | Jun Mat Min Damage Taken 774 | . 197 577 Core 253 | . 47 206 Absorbed by Shields . | . . . Core Remaining (%) 100 | 100 . . Volleys Fired 27 | . 20 7 Largest 2 | . 2 2 Hottest 60 | . 60 55 Shots Fired 51 | . 40 11 Gun 25 | . 21 4 Cannon 23 | . 19 4 Launcher 3 | . . 3 Special . | . . . Kinetic 47 | . 39 8 Thermal . | . . . Explosive 3 | . . 3 Electromagnetic 1 | . 1 . Robot Hit Streak 9 | . 9 2 Robot Miss Streak 3 | . 3 2 Penetration Max . | . . . Secondary Targets . | . . . Shots Hit Robots 28 | . 23 5 Core Hits 17 | . 12 5 Critical Kills 1 | . 1 . Critical Parts Destroyed . | . . . Critical Strikes 1 | . 1 . Destroy 1 | . 1 . Melee Attacks . | . . . Impact . | . . . Slashing . | . . . Piercing . | . . . Sneak Attacks . | . . . Combat Hostiles . | . . . Follow-up Attacks . | . . . Damage Inflicted 472 | . 258 214 Guns 110 | . 90 20 Cannons 203 | . 168 35 Explosions 159 | . . 159 Melee . | . . . Ramming . | . . . Kinetic 313 | . 258 55 Thermal . | . . . Explosive 159 | . . 159 Electromagnetic . | . . . Impact . | . . . Slashing . | . . . Piercing . | . . . Highest Corruption . | . . . Average Corruption . | . . . Corruption Purged . | . . . Corruption Blocked . | . . . Overload Shots . | . . . Overflow Damage 21 | . . 21 Projectiles . | . . . Explosions 21 | . . 21 Melee . | . . . Knockbacks . | . . . Impact . | . . . Kinetic . | . . . Secondary . | . . . Self-Inflicted Damage 90 | . . 90 Shots 3 | . . 3 Rammed . | . . . Targets Rammed . | . . . Kicked . | . . . Crushed . | . . . Highest Temperature 46 | . 46 14 Average Temperature 18 | . 19 10 Received Heat Transfer 188 | . 108 80 Siege Activations . | . . . Robots Corrupted . | . . . Combat Hostiles . | . . . Parts Fried . | . . . Impact Corruptions . | . . . Robots Melted . | . . . Combat Hostiles . | . . . Parts Melted . | . . . Heat Transferred . | . . . Parts Sabotaged . | . . . Parts Stolen . | . . . Parts Stripped . | . . . Power Chain Reactions . | . . . Missiles Intercepted . | . . . Alert | -11 -10 -10 ------- Run | Jun Mat Min Peak Influence 214 | . 214 23 Initial 13 | . . 13 Average 108 | . 126 17 Maximum Alert Level 1 | . 1 . Low Security (%) 96 | 100 95 100 Level 1 3 | . 4 . Level 2 . | . . . Level 3 . | . . . Level 4 . | . . . Level 5 . | . . . High Security . | . . . Max Security . | . . . Squads Dispatched 3 | . 2 1 Investigation 2 | . 1 1 Extermination . | . . . Reinforcement 1 | . 1 . Assault . | . . . Garrison . | . . . Intercept . | . . . Searches Triggered . | . . . Construction Impeded . | . . . Haulers Reinforced . | . . . Active Scanning Responses . | . . . Cargo Convoy Interrupts . | . . . Stealth | -11 -10 -10 --------- Run | Jun Mat Min Distress Signals 1 | . 1 . Communications Jammed . | . . . Distress Signals . | . . . Times Spotted 27 | . 10 17 Peak Tracking Total 13 | . 3 13 Tactical Retreats 2 | . . 2 Traps | -11 -10 -10 ------- Run | Jun Mat Min Traps Triggered . | . . . Indirectly . | . . . Trap Hack Attempts . | . . . Triggered . | . . . Disarmed . | . . . Reprogrammed . | . . . Reused . | . . . Traps Extracted . | . . . Installed . | . . . Triggered . | . . . Machines | -11 -10 -10 ---------- Run | Jun Mat Min Machines Disabled . | . . . Max in Single Turn . | . . . Machines Repaired . | . . . Machines Sabotaged . | . . . Overloaded Fab Kills . | . . . Hacking | -11 -10 -10 --------- Run | Jun Mat Min Machines Accessed 2 | . 1 1 Terminals 1 | . . 1 Fabricators . | . . . Repair Stations . | . . . Recycling Units 1 | . 1 . Scanalyzers . | . . . Garrison Access . | . . . Total Hacks 5 | . 2 3 Successful 2 | . 1 1 Failed 3 | . 1 2 Catastrophic 2 | . 1 1 Database Lockouts . | . . . Manual 5 | . 2 3 Terminals 3 | . . 3 Fabricators . | . . . Repair Stations . | . . . Recycling Units 2 | . 2 . Scanalyzers . | . . . Garrison Access . | . . . Terminal Hacks 1 | . . 1 Branch Access Points 1 | . . 1 Fabricator Hacks . | . . . Repair Station Hacks . | . . . Recycling Unit Hacks . | . . . Scanalyzer . | . . . Garrison Access Hacks . | . . . Unauthorized Hacks 1 | . 1 . Terminals . | . . . Fabricators . | . . . Repair Stations . | . . . Recycling Units 1 | . 1 . Reject 1 | . 1 . Scanalyzers . | . . . Garrison Access . | . . . Data Cores Recovered . | . . . Used . | . . . Hacking Detections 2 | . 1 1 Full Trace Events 2 | . 1 1 Feedback Events . | . . . Feedback Blocked . | . . . Robot Schematics Acquired . | . . . Robots Built . | . . . Authchips . | . . . Time . | . . . Total Robot Build Rating . | . . . Part Schematics Acquired . | . . . Parts Built . | . . . Authchips . | . . . Time . | . . . Total Part Build Rating . | . . . Parts Repaired . | . . . Time . | . . . Parts Recycled . | . . . Recycled Matter . | . . . Retrieved Matter . | . . . Retrieved Components . | . . . Parts Scanalyzed . | . . . Part Schematics Acquired . | . . . Parts Damaged . | . . . Bothacking | -11 -10 -10 ------------ Run | Jun Mat Min Used RIF Installer . | . . . Robots Hacked . | . . . Non-combat . | . . . Combat . | . . . Robot Hacks Applied . | . . . Relay Couplers Released . | . . . Fabnet Peak Effective % . | . . . Robots Rewired . | . . . Allies Hacked . | . . . Hacks Repelled . | . . . Allies | -11 -10 -10 -------- Run | Jun Mat Min Total Allies . | . . . Largest Group . | . . . Highest-Rated Group . | . . . Highest-Rated Ally . | . . . Total Orders . | . . . Ally Attacks . | . . . Total Damage . | . . . Kills . | . . . Allies Corrupted . | . . . Allies Melted . | . . . Intel | -11 -10 -10 ------- Run | Jun Mat Min Robot Analysis Total . | . . . Derelict Logs Recovered . | . . . Drone Launches . | . . . Drone Recoveries . | . . . Exploration | -11 -10 -10 ------------- Run | Jun Mat Min Turns Passed 520 | 4 433 83 Spaces Moved 307 | 4 263 40 Core . | . . . Treads . | . . . Legs 12 | 4 8 . Wheels 295 | . 255 40 Hover . | . . . Flight . | . . . Fastest Speed 80 | 120 80 140 Average Speed 128 | 120 125 152 Slowest Speed 200 | 120 140 200 Overloaded Moves . | . . . Propulsion Burnouts . | . . . Robots Hopped . | . . . Cave-ins Triggered . | . . . Exploration Rate (%) 20 | 2 49 10 Regions Visited 2 Branch Regions 1 Pre-discovered Areas . | . . . Known Exits Taken . | . . . Unknown Exits Taken 2 | 1 1 . Scrap Searched 1 | . . 1 Spaces Dug . | . . . Terrain Destroyed 33 | . . 33 Melee . | . . . Projectile . | . . . AOE 33 | . . 33 Terrain Rammed . | . . . Walls Destroyed . | . . . Machines Disabled . | . . . Actions | -11 -10 -10 --------- Run | Jun Mat Min Total 385 | 3 331 51 Wait 22 | . 22 . Move 305 | 3 262 40 Hop . | . . . Pick Up 19 | . 17 2 Fast Attach 1 | . 1 . Attach . | . . . Detach . | . . . Swap 6 | . 4 2 Drop 5 | . 5 . Fire 27 | . 20 7 Melee . | . . . Ram . | . . . Kick . | . . . Crush . | . . . Escape Stasis . | . . . Rewire . | . . . Trap . | . . . Miscellaneous . | . . . Route ------- -11/Junkyard -10/Materials (discovered 2 exits: [*Mat] / *Min) -10/Mines History --------- Turn | Location | Event 1 | -11/Junkyard | Discovered new exit (range 2) 5 | -11/Junkyard | Entered Materials 145 | -10/Materials | Discovered new exit (range 12) 299 | -10/Materials | Discovered new exit (range 10) 305 | -10/Materials | Build established: Mutant 438 | -10/Materials | Entered Mines 439 | -10/Mines | Assembled infested the area 499 | -10/Mines | Core integrity fell below 50% 515 | -10/Mines | Core integrity fell below 20% 521 | -10/Mines | Destroyed by D-53 Grenadier with Mini Grenade Launcher Last Messages --------------- 00499_ Hcp. Matter Pod destroyed. 00499_ Destroyed Hcp. Matter Pod. 00503_ Destroyed Asb. Blade. 00504_ The unstable cave ceiling collapses. 00507_ C-30 ARC bursts open, deploying its payload. 00507_ D-53 Grenadier unfolds itself. 00508_ The unstable cave ceiling collapses. 00510_ as-53346 destroyed. 00510_ as-71708 destroyed. 00511_ Lgt. Cannon destroyed. 00511_ Ion Engine destroyed. 00511_ as-28872 destroyed. 00512_ The unstable cave ceiling collapses. 00513_ T-07 Excavator is excavating. 00514_ as-01603 destroyed. 00514_ as-59333 destroyed. 00515_ The unstable cave ceiling collapses. 00518_ as-86877 destroyed. 00518_ as-14224 destroyed. 00520_ The unstable cave ceiling collapses. Map ----- +----------------------------------------------------+ | ?????????????????? ?????????????????? | | ?????????????????? ??????????????????? | | ??????????????????? #??????????????????? | | ??????????????????? #??????????????????? | | ???????????????????# #??????????????????? | | ?????????????????### #??????????????????? | | ?????????????????# #??????????????????? | | ???????????????### #??????????????????? | | ???????????????# # #??????????????????? | | ???????????????# ### #?????##???????????? | | ???????????????# #?# #????"%????????????? | | ???????????????# #?# #???? #????????????? | | ????????????#### #?# #??? ##???????????? | | ????????????# ###%#??? #???????????? | | ?????????#??# ## #?? #???????????? | | ???????? ## ## ### #????????????? | | ???????? ## #????????????? | | ?????????? # g ??????????????? | | ??????????# # % #???????????????? | | ??????????### ##??????????????? | | ????????????##T## # #??????????????? | | ?????????????### d #??????????????? | | ????????????????# #??????????????? | | ????????????????### #??????????????? | | ?????????######## # ##??????????????? | | ??# @ a #???????????????? | | ?????????######## # ####???????????????? | | ????????????????#### ##??????????????????? | | ???????????????????###???????????????????? | | ?????????????????????????????????????????? | | ?????????????????????????????????????????? | | ?????????????????????????????????????????? | | ?????????????????????????????????????????? | | ?????????????????????????????????????????? | | ?????????????????????????????????????????? | | ?????????????????????????????????????????? | | ?????????????????????????????????????????? | | ?????????????????????????????????????????? | | ?????????????????????????????????????????? | | ?????????????????????????????????????????? | | ?????????????????????????????????????????? | | ?????????????????????????????????????????? | | ?????????????????????????????????????????? | | ?????????????????????????????????????????? | | ?????????????????????????????????????????? | | | | | | | | | | | +----------------------------------------------------+ Best States ------------- Heat Dissipation 25 Energy Generation 10 Energy Capacity 250 Matter Stores 462 Matter Capacity 500 Sight Range 16 Terrain Scan Density 10 Evasion (%) 55 Item Schematics ----------------- None Robot Schematics ------------------ None Fabricated ------------ Nothing Alien Tech Used ----------------- None Achievements -------------- None Challenges ------------ None Game ------ Seed GreatMatterRail Manual? 0 Play Time 00:06:52 Cumulative 131.3 hours Start 2023.04.14 @ 18:23:29 End 2023.04.14 @ 18:29:00 Sessions 1 Manual Loads 0 Difficulty Rogue Special Mode None Game No. 198 Rogue 198 Adventurer 0 Explorer 0 Win Type - Total 0 Types 0/0/0/0/0/0/0/0/0 Lore% 48 Gallery% 56 Achievement% 43 Wizard Run 0 Options --------- ASCII 0 Keyboard 0 Movement Mouse Keybinds 1 Fullscreen 2 Font 18/SmallcapsGlow Map View 76x50 Tactical HUD 1 Map Filters SATURATION(75) Filters LOW_CONTRAST(23,23,23) Steam 1 RUN: 4fe6eff7-9f2b-454d-b1a7-1eb1d7e58f5d